 Dungeon Crawl Stone Soup version 0.25-a0-860-gf695395 (webtiles) character file.

Game seed: 14400636305264418395, levelgen mode: deterministic

8098 Atlas the Frost Mage (level 11, 0/84 HPs)
             Began as a White Draconian Ice Elementalist on Apr 29, 2020.
             Was a Follower of Vehumet.
             Slain by a yak (4 damage)
             ... while petrified by a basilisk
             ... on level 10 of the Dungeon.
             The game lasted 00:16:48 (10653 turns).

Atlas the Frost Mage (DrIE)                        Turns: 10653, Time: 00:16:49

Health: 0/84       AC:  8    Str: 10    XL:     11   Next: 5%
Magic:  24/24      EV:  2    Int: 19    God:    Vehumet [*.....]
Gold:   903        SH:  0    Dex: 12    Spells: 11/28 levels left

rFire    . . .     SeeInvis .   E - +7 eveningstar "Tyuts" {flame, *Drain +Rage rElec rC++}
rCold    + + +     Gourm    .   F - +0 buckler
rNeg     + + +     Faith    .   (armour unavailable)
rPois    ∞         Spirit   .   c - +0 hat
rElec    +         Reflect  .   (no cloak)
rCorr    .         Harm     .   m - +0 pair of gloves
MR       .....                  (no boots)
Stlth    +++.......             y - amulet of the acrobat
HPRegen  0.24/turn              l - ring of protection from cold
MPRegen  0.19/turn              (no ring)

@: petrified
A: breathe frost, unfitting armour, cold resistance 1, cold-blooded, AC +7
a: Breathe Frost, Renounce Religion, Evoke Berserk Rage


You were on level 10 of the Dungeon.
You worshipped Vehumet.
Vehumet was aware of your devotion.
You were not hungry.

You visited 2 branches of the dungeon, and saw 11 of its levels.
You also visited: Bailey.

You collected 903 gold pieces.

Inventory:

Hand Weapons
 E - the +7 eveningstar "Tyuts" (weapon) {flame, *Drain +Rage rElec rC++}
   (You acquired it in a bailey)

   It has been specially enchanted to burn those struck by it, causing extra
   injury to most foes and up to half again as much damage against particularly
   susceptible opponents.
   It greatly protects you from cold.
   It insulates you from electricity.
   It lets you go berserk.
   It causes draining when unequipped.
Armour
 c - a +0 hat (worn)
 m - a +0 pair of gloves (worn)
 F - a +0 buckler (worn)
Magical Staves
 f - an uncursed staff of air {unknown}
Jewellery
 l - a ring of protection from cold (left hand)
 y - an amulet of the acrobat (around neck)
Wands
 r - a wand of flame (24)
 t - a wand of disintegration (15)
 A - a wand of iceblast (13)
 G - a wand of enslavement (6)
 J - a wand of random effects (22)
Scrolls
 d - 4 scrolls of teleportation
 e - a scroll of magic mapping {unknown}
 g - 6 scrolls of remove curse
 h - 6 scrolls of enchant armour {unknown}
 n - 3 scrolls of fog {unknown}
 o - 4 scrolls of blinking {unknown}
 q - 4 scrolls of enchant weapon {unknown}
 B - 2 scrolls of immolation {unknown}
 C - a scroll of vulnerability {unknown}
 D - a scroll of brand weapon {unknown}
Potions
 a - 4 potions of magic
 i - a potion of degeneration {unknown}
 j - 2 potions of brilliance
 k - 3 potions of might
 p - a potion of ambrosia {unknown}
 s - a potion of stabbing {unknown}
 u - 2 potions of mutation
 v - 3 potions of flight
 x - 2 potions of haste
 z - a potion of berserk rage {unknown}
 H - a potion of curing {unknown}
 I - 2 potions of heal wounds
Comestibles
 b - 21 rations
 w - 5 chunks of flesh


   Skills:
 + Level 4.0 Fighting
 + Level 6.7 Maces & Flails
 + Level 5.4 Dodging
 + Level 4.2 Stealth
 + Level 2.1 Shields
 + Level 0.6 Unarmed Combat
 + Level 9.1 Spellcasting
 + Level 0.5 Charms
 + Level 3.1 Summonings
 + Level 11.1 Ice Magic
 + Level 0.1 Evocations


You had 11 spell levels left.
You knew the following spells:

 Your Spells              Type           Power        Failure   Level  Hunger
a - Freeze                Ice            ####         1%          1    None
b - Frozen Ramparts       Ice            ######       1%          3    None
c - Ozocubu's Armour      Chrm/Ice       ####....     2%          3    None
d - Summon Ice Beast      Ice/Summ       #####...     5%          4    ###....
e - Ozocubu's Refrigerat  Ice            ######....   16%         6    ######.

Your spell library contained the following spells:

 Spells                   Type           Power        Failure   Level  Hunger
 Sandblast                Erth           #.....       11%         1    None
 Summon Small Mammal      Summ           ###.         3%          1    None
 Call Imp                 Summ           ###.....     4%          2    None
 Animate Skeleton         Necr           N/A          11%         1    None
 Beastly Appendage        Tmut           #.....       11%         1    None
 Magic Dart               Conj           #...         11%         1    None
 Pain                     Necr           #...         11%         1    None
 Hailstorm                Conj/Ice       ####....     11%         4    ###....
 Ice Form                 Ice/Tmut       ####....     11%         4    ###....
 Blink                    Tloc           N/A          16%         2    None
 Slow                     Hex            #.......     16%         2    None
 Sticks to Snakes         Tmut           #.......     16%         2    None
 Metabolic Englaciation   Hex/Ice        ####......   28%         5    #####..
 Conjure Flame            Conj/Fire      #.......     30%         3    None
 Mephitic Cloud           Conj/Pois/Air  #.......     30%         3    None
 Spider Form              Tmut/Pois      #.........   30%         3    None
 Vampiric Draining        Necr           #.........   30%         3    None
 Animate Dead             Necr           N/A          71%         4    ###....
 Simulacrum               Ice/Necr       ####......   85%         6    ######.
 Agony                    Necr           #.......     96%         5    #####..
 Blade Hands              Tmut           #.........   96%         5    #####..
 Freezing Cloud           Conj/Ice/Air   ###.......   98%         6    ######.


Dungeon Overview and Level Annotations

Branches:
Dungeon (10/15)            Temple (1/1) D:6            Lair (0/6) D:10
    Orc (0/2) D:10         Bailey (visited)

Altars:
Ashenzari
Cheibriados
Dithmenos
Elyvilon
Fedhas
Gozag
Hepliaklqana
Kikubaaqudgha
Makhleb
Nemelex Xobeh
Okawaru
Qazlal
Ru
Sif Muna
Trog
Uskayaw
Vehumet
Wu Jian
Xom
Yredelemnul
Zin
The Shining One

Shops:
D:6 :   D:8 (   D:9 [

Annotations:
D:4 Grinder


Innate Abilities, Weirdness & Mutations

You can breathe waves of freezing cold.
You can buffet flying creatures when you breathe cold.
Your icy white scales are hard. (AC +7)
You cannot fit into any form of body armour.
Your flesh is cold resistant. (rC+)
You are cold-blooded and may be slowed by cold attacks.


Message History

Your surroundings suddenly seem different.
A yak comes into view.
A porcupine comes into view.
A yak comes into view. x5
Found a staircase to the Lair.
The yak bellows! x4
The yak snorts and paws the ground.
The porcupine bites you.
* * * LOW HITPOINT WARNING * * *
The porcupine barely misses you. The porcupine bites you.
The porcupine bites you but does no damage.
The porcupine bites you!
* * * LOW HITPOINT WARNING * * *
The yak gores you.
* * * LOW HITPOINT WARNING * * *
The porcupine bites you!
* * * LOW HITPOINT WARNING * * *
The yak gores you!
* * * LOW HITPOINT WARNING * * *
The yak gores you!
You die...

##...#..#...)##
##>....##...#
##....####....#
#########..#
##>....# #....#
#### ....##..#
#....#
....###...###### #
....# ...# # ≈...#
..# ### #. ##
≈≈..# ..# ##..#
#..#. ≈≈..# ..
#@Y.# ##.... ≈≈≈.#
..P.Y.rYY.# .....8
≈...# ......Y.P.#
<..... .≈..#
.......P..# ###
##.... ....#
..........# ##.#
#.... #..##
..........P #..#
#.... #.###
..........P##..##
#.... ....#
...>..♣..P.###..##
####. ...## ##..##
##..


You could see 5 yaks and a porcupine.

Vanquished Creatures
  An orc warlord (Bailey)
  Erica (D:9)
  Pikel (D:8)
  An orc knight (Bailey)
  Maurice (D:9)
  A troll (D:10)
  A hippogriff (D:9)
  3 yaks (D:10)
  Eustachio (D:6)
  A basilisk (D:10)
  A steam dragon (D:10)
  A water moccasin (D:6)
  A porcupine (D:10)
  A sky beast (D:7)
  4 ice beasts (D:10)
  7 orc warriors
  4 ogres
  A phantom (D:9)
  3 wolves (D:10)
  A centaur (D:6)
  A bullfrog (D:8)
  A scorpion (D:7)
  A water moccasin zombie (D:7)
  3 killer bees (D:9)
  An electric eel (D:10)
  4 crimson imps
  A bullfrog zombie (D:5)
  4 jellies
  2 centaur zombies
  4 hounds
  A bullfrog skeleton (D:10)
  6 orc priests
  2 iguanas (D:7)
  13 orc wizards
  2 worker ants
  2 hound zombies
  Robin (D:3)
  3 gnolls (D:9)
  4 adders
  A shadow imp (D:6)
  4 white imps (D:10)
  2 worker ant simulacra (D:10)
  An ufetubus (D:10)
  2 dart slugs
  8 leopard geckos
  29 orcs
  5 giant cockroaches
  11 goblins
  16 hobgoblins
  19 jackals
  A quokka (D:4)
  9 bats
  7 frilled lizards
  16 kobolds
  A quokka skeleton (D:4)
  7 rats
231 creatures vanquished.

Vanquished Creatures (collateral kills)
  A hornet zombie (D:10)
  A phantom (D:9)
  A big kobold (D:8)
  8 kobolds
11 creatures vanquished.

Vanquished Creatures (others)
  3 bushes (D:10)
  3 fungi (D:10)
  15 plants (D:10)
21 creatures vanquished.

Grand Total: 263 creatures vanquished

Notes
Turn   | Place    | Note
-------+----------+-------------------------------------------
     0 | D:1      | Atlas the Draconian Ice Elementalist began the quest for
                  | the Orb.
     0 | D:1      | Reached XP level 1. HP: 14/14 MP: 3/3
    41 | D:1      | Found a sparkling altar of Nemelex Xobeh.
   168 | D:1      | Reached XP level 2. HP: 13/20 MP: 0/5
   922 | D:2      | Reached XP level 3. HP: 26/26 MP: 3/6
   996 | D:2      | Found an opulent altar of Gozag.
   998 | D:2      | Found a snail-covered altar of Cheibriados.
  2003 | D:3      | Noticed Robin
  2094 | D:3      | Learned a level 3 spell: Frozen Ramparts
  2102 | D:3      | Learned a level 3 spell: Ozocubu's Armour
  2127 | D:3      | Reached XP level 4. HP: 27/33 MP: 1/8
  2156 | D:3      | Killed Robin
  2372 | D:3      | Reached skill level 5 in Ice Magic
  2728 | D:4      | Found an ornate altar of the Wu Jian Council.
  2864 | D:4      | Noticed Grinder
  2869 | D:4      | Reached XP level 5. HP: 28/38 MP: 6/10
  3237 | D:4      | Reached skill level 1 in Maces & Flails
  3248 | D:4      | Found a hazy altar of Hepliaklqana.
  3410 | D:4      | Reached XP level 6. HP: 19/46 MP: 5/11
  3621 | D:4      | Reached skill level 1 in Fighting
  3827 | D:5      | Entered Level 5 of the Dungeon
  4052 | D:5      | Found a glowing golden altar of the Shining One.
  4134 | D:5      | Your scales start taking on an icy white colour.
  4134 | D:5      | Reached skill level 7 in Ice Magic
  4134 | D:5      | Reached XP level 7. HP: 11/52 MP: 8/13
  4134 | D:5      | Gained mutation: Your flesh is cold resistant. (rC+) [White
                  | Draconian growth]
  4454 | D:5      | Found a basalt altar of Yredelemnul.
  4694 | D:5      | Learned a level 4 spell: Summon Ice Beast
  4810 | D:6      | Found a staircase to the Ecumenical Temple.
  4823 | Temple   | Entered the Ecumenical Temple
  5200 | D:6      | Found Zuetheoz's Book Boutique.
  5220 | D:6      | Reached skill level 5 in Spellcasting
  5264 | D:6      | Reached XP level 8. HP: 12/61 MP: 0/16
  5373 | D:6      | Reached skill level 8 in Ice Magic
  5581 | D:6      | Found a blossoming altar of Fedhas.
  5697 | D:6      | Noticed Eustachio
  5753 | D:6      | Killed Eustachio
  6177 | D:6      | Found a sacrificial altar of Ru.
  6808 | D:7      | You fall into a shaft and drop 2 floors!
  6808 | D:9      | Found Maimp's Armour Boutique.
  6835 | D:9      | Reached skill level 9 in Ice Magic
  6928 | D:9      | Found a flagged portal.
  6930 | D:9      | Noticed Maurice
  6939 | Bailey   | Entered a bailey
  6997 | Bailey   | Noticed an orc warlord
  7034 | Bailey   | Identified the +9 flail of Division {flame, rF- Str+2 Int+2
                  | Dex+4}
  7165 | Bailey   | Reached XP level 9. HP: 68/68 MP: 14/18
  7202 | Bailey   | Found a runed translucent gate.
  7203 | Bailey   | Found a runed translucent gate.
  7204 | Bailey   | Found a runed translucent gate.
  7211 | Bailey   | Noticed an orc knight
  7234 | Bailey   | Killed an orc knight
  7614 | Bailey   | Killed an orc warlord
  7614 | Bailey   | Reached skill level 1 in Shields
  7614 | Bailey   | Reached skill level 10 in Ice Magic
  7763 | Bailey   | Identified 3 scrolls of acquirement
  7763 | Bailey   | Identified the ring of Ivviefek {Fire Dex+3} (You acquired
                  | it in a bailey)
  7763 | Bailey   | Identified Atlas's Collected Works on Malediction (You
                  | acquired it in a bailey)
  7769 | Bailey   | Identified the ring "Kauguops" {rPois rC- MR+ Int+3 Stlth+}
                  | (You acquired it in a bailey)
  7778 | Bailey   | Learned a level 6 spell: Ozocubu's Refrigeration
  7781 | Bailey   | Identified the +7 eveningstar "Tyuts" {flame, *Drain +Rage
                  | rElec rC++} (You acquired it in a bailey)
  7844 | D:9      | Killed Maurice
  7844 | D:9      | Reached XP level 10. HP: 48/77 MP: 15/22
  8162 | D:9      | Found a sparkling altar of Nemelex Xobeh.
  8267 | D:9      | Noticed Erica
  8277 | D:9      | Killed Erica
  8708 | D:8      | Found Ogathih's Weapon Shoppe.
  8789 | D:8      | Noticed Pikel
  8805 | D:8      | Killed Pikel
  8805 | D:8      | Reached skill level 5 in Maces & Flails
  9045 | D:8      | Found a radiant altar of Vehumet.
  9050 | D:8      | Became a worshipper of Vehumet
  9056 | D:8      | Found an ancient bone altar of Kikubaaqudgha.
  9068 | D:8      | Found a shimmering blue altar of Sif Muna.
  9276 | D:8      | Identified Sif Muna's Handbook of Companions
  9579 | D:7      | Reached skill level 11 in Ice Magic
  9728 | D:7      | Found a bloodstained altar of Trog.
  9733 | D:7      | Found a stormy altar of Qazlal.
  9932 | D:10     | Entered Level 10 of the Dungeon
 10037 | D:10     | Reached skill level 5 in Dodging
 10503 | D:10     | Reached * piety under Vehumet
 10503 | D:10     | Offered knowledge of Sandblast by Vehumet.
 10541 | D:10     | Reached XP level 11. HP: 60/84 MP: 22/24
 10636 | D:10     | Found a staircase to the Orcish Mines.
 10644 | D:10     | Found a staircase to the Lair.
 10652 | D:10     | HP: 4/84 [yak (7)]
 10653 | D:10     | Slain by a yak

Levels and vault maps discovered:
D:1:      dpeg_arrival_tiny_g, layout_basic, nemelex_xobeh_ov_fountains_minmay
D:2:      layout_basic, chequers_temple_overflow_statue_of_worship
D:3:      kennysheep_big_flooded_room, layout_basic, minmay_close_crescents,
          uniq_robin
D:4:      layout_basic, kennysheep_mini_moat, lemuel_coloured_pillars_altar,
          first_ration, uniq_grinder
D:5:      layout_loops_ring, old_standard_altar, nicolae_overflow_hidden_temple,
          kennysheep_generic_room_13
D:6:      layout_cave_pods, fedhas_altar_2, nicolae_ru_great_annihilating_truth,
          minmay_temple_entry_statues_pillars, serial_shops, shop,
          uniq_eustachio
D:7:      layout_loops_cross, minitemple, grunt_ogre_cave
D:8:      layout_basic, palyth_temple_overflow_mages, serial_shops,
          nicolae_shop_stone, uniq_pikel
D:9:      layout_long_grid, enter_bailey_6, serial_shops, shop,
          nemelex_lonely_heart_becter, uniq_maurice, uniq_erica
D:10:     layout_layer_cave, minmay_lair_entry_grove, erik_orc_4, serial_ice,
          serial_ice_g, serial_ice_n, serial_ice_k, serial_ice_h, serial_ice_f,
          serial_ice_b, serial_ice_o, serial_ice_e, kennysheep_generic_room_14
Temple:   jpeg_temple_island

Skill      XL: |  1  2  3  4  5  6  7  8  9 10 |
---------------+-------------------------------+-----
Stealth        | 2 3 4 |  4.2
Spellcasting   | 3 4 5 6 8 9 |  9.1
Ice Magic      | 5 7 9 10 11 | 11.1
Dodging        | 2 4 5 |  5.4
Maces & Flails | 1 2 3 4 6 |  6.7
Fighting       | 1 2 3 4 |  4.0
Shields        | 1 2 |  2.1
Summonings     | 2 3 |  3.1
Unarmed Combat | |  0.6
Charms         | |  0.5
Evocations     | |  0.1

Action                   |  1- 3 |  4- 6 |  7- 9 | 10-12 || total
-------------------------+-------+-------+-------+-------++-------
Melee: Unarmed           |    31 |     3 |       |       ||    34
       Tailslap          |     2 |     5 |    10 |    13 ||    30
       Club              |       |    89 |   134 |       ||   223
       Flail             |       |       |     3 |       ||     3
       Eveningstar       |       |       |       |   150 ||   150
 Cast: Freeze            |    74 |    20 |    38 |       ||   132
       Frozen Ramparts   |       |    11 |    25 |    13 ||    49
       Summon Ice Beast  |       |       |     9 |     2 ||    11
       Ozocubu's Armour  |       |       |     2 |     2 ||     4
       Ozocubu's Refrige |       |       |       |     1 ||     1
Evoke: Wand              |       |       |     1 |       ||     1
  Use: Scroll            |       |       |     4 |     9 ||    13
       Potion            |       |       |     1 |       ||     1
 Stab: Sleeping          |       |     2 |       |     4 ||     6
       Paralysed         |       |       |     1 |       ||     1
       Distracted        |       |       |       |     1 ||     1
  Eat: Chunk             |     4 |     8 |    10 |    10 ||    32
       Ration            |       |       |     1 |       ||     1
Armor: Skin              |    25 |    43 |    69 |    55 ||   192
Dodge: Dodged            |    59 |    65 |   228 |   128 ||   480
Block: Buckler           |       |       |    17 |    22 ||    39

Table legend:
 A = Non-vault XP
 B = Vault XP
 C = Vault XP percentage of total XP
 D = Non-vault monster count
 E = Vault monster count
 F = Vault count percentage of total count
                 A         B        C        D         E       F
            +---------+---------+-------+---------+---------+-------
      Total |    4532 |    7037 |  60.8 |     163 |      79 |  32.6
            +---------+---------+-------+---------+---------+-------
        D:1 |      38 |       0 |   0.0 |      22 |       0 |   0.0
        D:2 |      31 |       0 |   0.0 |      19 |       0 |   0.0
        D:3 |      29 |      50 |  63.3 |      17 |      18 |  51.4
        D:4 |     309 |       0 |   0.0 |      20 |       0 |   0.0
        D:5 |     327 |      50 |  13.3 |       8 |       1 |  11.1
        D:6 |     940 |     237 |  20.1 |      26 |       5 |  16.1
        D:7 |     527 |     121 |  18.7 |       8 |       1 |  11.1
        D:8 |     530 |     851 |  61.6 |      19 |       6 |  24.0
        D:9 |     853 |    1273 |  59.9 |      13 |       2 |  13.3
       D:10 |     948 |    1876 |  66.4 |      11 |      19 |  63.3
     Bailey |       0 |    2579 | 100.0 |       0 |      27 | 100.0
            +---------+---------+-------+---------+---------+-------
